 Dungeon Crawl Stone Soup version 0.23.0 (webtiles) character file.

Game seed: 15697345501662003066

2048 Delanovic the Fighter (level 9, -2/90 HPs)
             Began as a Gargoyle Gladiator on Feb 12, 2019.
             Was a Priest of Okawaru.
             Killed by divine providence
             ... invoked by an orc priest
              (9 damage)
             ... on level 7 of the Dungeon.
             The game lasted 00:17:15 (4981 turns).

Delanovic the Fighter (Gargoyle Gladiator)          Turns: 4981, Time: 00:17:16

Health: -2/90      AC: 24    Str: 22    XL:     9   Next: 25%
Magic:  9/9        EV:  2    Int: 10    God:    Okawaru [***...]
Gold:   372        SH:  0    Dex: 14    Spells: 8/8 levels left

rFire    . . .     SeeInvis .   a - +0 quarterstaff
rCold    . . .     Gourm    .   (shield currently unavailable)
rNeg     + + +     Faith    .   (armour currently unavailable)
rPois    ∞         Spirit   .   (helmet currently unavailable)
rElec    .         Reflect  .   (cloak currently unavailable)
rCorr    .         Harm     .   (gloves currently unavailable)
MR       .....     NoTele   +   (boots currently unavailable)
Stlth    +.........             v - amulet of magic regeneration
HPRegen  0.25/turn              (no ring)
MPRegen  0.36/turn              (no ring)

@: mighty, tree-form
A: negative energy resistance 1, petrification resistance, rot immunity, AC +6
a: Heroism, Renounce Religion


You were on level 7 of the Dungeon.
You worshipped Okawaru.
Okawaru was most pleased with you.
You were not hungry.
You were a tree.
You visited 1 branch of the dungeon, and saw 7 of its levels.

You collected 372 gold pieces.

Inventory:

Hand Weapons
 a - a +0 quarterstaff (weapon)
 E - a +0 shortbow
Missiles
 d - 3 throwing nets (quivered)
 e - 2 tomahawks
 F - 94 arrows
Armour
 c - a +0 helmet (melded)
 z - a +5 ring mail (melded)
 D - a +2 pair of boots (melded)
Jewellery
 o - an uncursed amulet of the gourmand
 v - an amulet of magic regeneration (around neck)
Wands
 u - a wand of iceblast (6)
 y - a wand of paralysis (8)
Scrolls
 b - a scroll of random uselessness {unknown}
 g - 3 scrolls of fear
 i - 2 scrolls of remove curse
 j - a scroll of magic mapping
 k - 2 scrolls of amnesia
 m - a scroll of identify
 q - 2 scrolls of enchant armour
 r - 3 scrolls of enchant weapon {unknown}
 s - 2 scrolls of teleportation {unknown}
 t - a scroll of noise {unknown}
 w - a scroll of immolation
 x - 2 scrolls of fog {unknown}
Potions
 h - 2 potions of might
 l - 2 potions of mutation
 p - a potion of degeneration {unknown}
 A - a potion of curing {unknown}
 B - 3 potions of heal wounds {unknown}
 C - a potion of resistance {unknown}
 G - a potion of berserk rage {unknown}
 H - a potion of haste
 I - a potion of agility {unknown}
Comestibles
 f - 9 rations


   Skills:
 + Level 8.5 Fighting
 + Level 8.2 Staves
 - Level 1.9 Throwing
 + Level 5.1 Armour
 - Level 2.6 Dodging


You had 8 spell levels left.
You didn't know any spells.
Your spell library contained the following spells:

 Spells                   Type           Power        Failure   Level  Hunger
 Animate Skeleton         Necr           N/A          36%         1    ##.....
 Apportation              Tloc           #.....       36%         1    ##.....
 Confusing Touch          Hex            #.....       36%         1    ##.....
 Summon Small Mammal      Summ           #...         36%         1    ##.....


Dungeon Overview and Level Annotations

Branches:
Dungeon (7/15)             Temple (0/1) D:7

Altars:
Gozag
Okawaru
Qazlal
Uskayaw
Xom
Yredelemnul
Zin
The Shining One

Annotations:
D:7 Pikel


Innate Abilities, Weirdness & Mutations

You are resistant to torment.
((Your stone body is resilient. (AC +6)))
You are immune to poison.
You resist negative energy. (rN+)
((You are resistant to electric shocks. (rElec)))
((You can survive without breathing.))
You are immune to petrification.
You are immune to rotting.


Message History

The orc wizard is moderately wounded.
The orc wizard closely misses you.
You sock the orc wizard!
The orc wizard is almost dead.
The orc priest invokes the aid of Beogh against you.
Beogh smites you!
* * * LOW HITPOINT WARNING * * *
The orc wizard miscasts a cantrip.
It was a potion of lignification.
You turn into a tree.
Your +0 helmet melds into your body.
Your +2 pair of boots melds into your body.
Your +5 ring mail melds into your body.
Your roots penetrate the ground.
The slave hits you but does no damage.
The orc wizard hits you but does no damage.
You hit the orc wizard.
You kill the orc wizard!
Okawaru accepts your kill.
The orc priest invokes the aid of Beogh against you.
Beogh smites you!
You die...

# ..### .. .....## .##.#
..... ....# #... ....
#..### ..#####....>##
#.ppp###...#.........#
##oK)p..#.............
#...#♣..#.............
......####))...........#.
....######..#............
....#
##.....#..........#. ....
#......#............ ..#
##.###..##...#...(#.
....##..#..###...... ...#
#.......# ##...#. ..##
##.....## ##....


You could see Pikel, 4 slaves and an orc priest.

Vanquished Creatures
  A hippogriff (D:7)
  Eustachio (D:6)
  The ghost of guttsta the Shooter, an amateur CeHu (D:4)
  Menkaure (D:4)
  2 ice beasts (D:6)
  A sky beast (D:7)
  3 ogres
  2 centaurs
  A big kobold (D:7)
  2 bullfrogs (D:6)
  2 crimson imps
  2 hounds (D:5)
  2 orc wizards (D:7)
  2 jellies
  An iguana (D:5)
  Terence (D:2)
  4 worker ants
  A worker ant zombie (D:7)
  A howler monkey skeleton (D:4)
  7 adders
  A shadow imp (D:6)
  An ooze (D:4)
  2 adder skeletons
  An adder zombie (D:4)
  3 worms (D:2)
  A dart slug (D:2)
  3 leopard geckos
  6 orcs
  A ball python (D:3)
  8 bats
  2 giant cockroaches
  2 gnoll zombies (D:6)
  11 goblins
  9 hobgoblins
  6 jackals
  13 kobolds
  4 quokkas
  4 frilled lizards
  A leopard gecko skeleton (D:4)
  A quokka skeleton (D:6)
  22 rats
140 creatures vanquished.

Notes
Turn   | Place    | Note
-------+----------+-------------------------------------------
     0 | D:1      | Delanovic the Gargoyle Gladiator began the quest for the
                  | Orb.
     0 | D:1      | Reached XP level 1. HP: 12/12 MP: 1/1
   174 | D:1      | Reached XP level 2. HP: 15/17 MP: 2/2
   452 | D:1      | Reached XP level 3. HP: 18/22 MP: 3/3
   766 | D:2      | Found an iron altar of Okawaru.
   857 | D:2      | Reached XP level 4. HP: 28/28 MP: 4/4
   865 | D:2      | Became a worshipper of Warmaster Okawaru
  1345 | D:2      | Noticed Terence
  1362 | D:2      | Killed Terence
  1370 | D:2      | Reached XP level 5. HP: 29/33 MP: 5/5
  1526 | D:2      | Found a stormy altar of Qazlal.
  1984 | D:3      | Found a shimmering altar of Xom.
  2720 | D:4      | Found a runed translucent gate.
  2743 | D:4      | Noticed an ogre
  2748 | D:4      | Killed an ogre
  2748 | D:4      | Reached * piety under Okawaru
  2748 | D:4      | Reached skill level 5 in Fighting
  2748 | D:4      | Reached skill level 5 in Staves
  2748 | D:4      | Reached XP level 6. HP: 40/40 MP: 6/6
  2958 | D:4      | Noticed Menkaure
  2970 | D:4      | Killed Menkaure
  2970 | D:4      | Reached XP level 7. HP: 36/44 MP: 7/7
  3056 | D:4      | Found a runed translucent gate.
  3057 | D:4      | Found a runed translucent gate.
  3058 | D:4      | Found an opulent altar of Gozag.
  3061 | D:4      | Noticed guttsta's ghost (amateur CeHu)
  3208 | D:4      | Killed guttsta's ghost
  3218 | D:4      | Reached ** piety under Okawaru
  3339 | D:5      | Entered Level 5 of the Dungeon
  3524 | D:5      | Reached skill level 1 in Armour
  3535 | D:5      | Reached XP level 8. HP: 28/52 MP: 8/8
  3808 | D:5      | Found a glowing golden altar of the Shining One.
  3896 | D:6      | Noticed Eustachio
  3978 | D:6      | Killed Eustachio
  4104 | D:6      | Reached *** piety under Okawaru
  4661 | D:6      | Found a basalt altar of Yredelemnul.
  4774 | D:7      | Found a staircase to the Ecumenical Temple.
  4792 | D:7      | Reached XP level 9. HP: 55/59 MP: 9/9
  4816 | D:7      | Found a glowing silver altar of Zin.
  4816 | D:7      | Found a hide-covered altar of Uskayaw.
  4903 | D:7      | Reached skill level 5 in Armour
  4970 | D:7      | Noticed Pikel
  4981 | D:7      | Killed from afar by an orc priest

Skill      XL: |  1  2  3  4  5  6  7  8  9 |
---------------+----------------------------+-----
Fighting       | 3 5 6 8 |  8.5
Staves         | 4 5 6 7 8 |  8.2
Armour         | 1 4 5 |  5.1
Throwing       | |  1.9
Dodging        | |  2.6

Action                   |  1- 3 |  4- 6 |  7- 9 || total
-------------------------+-------+-------+-------++-------
Melee: Quarterstaff      |   131 |   173 |   307 ||   611
  Use: Scroll            |       |       |     8 ||     8
       Potion            |       |       |     2 ||     2
 Stab: Sleeping          |     1 |       |       ||     1
  Eat: Chunk             |       |     7 |     7 ||    14
Armor: Leather armour    |    53 |    40 |       ||    93
       Chain mail        |       |    15 |       ||    15
       Ring mail         |       |    20 |   191 ||   211
       Skin              |       |       |     2 ||     2
Dodge: Dodged            |    95 |   118 |   192 ||   405
